 Dungeon Crawl Stone Soup version 0.21-a0-2-ge494091 (webtiles) character file.

11716 Nathanielran1005 the Blocker (level 11, -2/72 HPs)
             Began as a Gargoyle Fighter on May 22, 2017.
             Was an Elder of the Shining One.
             Slain by a spiny frog (14 damage)
             ... on level 1 of the Lair of Beasts.
             The game lasted 00:24:18 (10018 turns).

Nathanielran1005 the Blocker (Gargoyle Fighter)    Turns: 10018, Time: 00:24:19

Health: -2/72      AC: 18    Str: 22    XL:     11   Next: 82%
Magic:  15/15      EV: 11    Int:  9    God:    the Shining One [****..]
Gold:   598        SH:  0    Dex: 10    Spells: 10/10 levels left

rFire    + . .     SeeInvis .   B - +3 flail
rCold    + . .     Gourm    .   c - +1 shield
rNeg     + + +     Faith    .   b - +0 scale mail
rPois    ∞         Spirit   .   w - +0 helmet
rElec    +         Reflect  .   i - scarf {rC+ rF+}
rCorr    .         Harm     .   (no gloves)
MR       .....                  y - +0 pair of boots
Stlth    ..........             (no amulet)
Regen    0.3/turn               (no ring)
MPRegen  0.2/turn               (no ring)

@: confused, divine shield, glowing
A: negative energy resistance 1, electricity resistance, unbreathing,
petrification resistance, rot immunity, AC +7
a: Divine Shield, Cleansing Flame, Renounce Religion


You were on level 1 of the Lair of Beasts.
You worshipped the Shining One.
The Shining One was greatly pleased with you.
You were hungry.

You visited 3 branches of the dungeon, and saw 12 of its levels.

You collected 598 gold pieces.

Inventory:

Hand Weapons
 B - a +3 flail (weapon)
Armour
 b - a +0 scale mail (worn)
 c - a +1 shield (worn)
 i - a scarf of resistance (worn)
 v - a scarf of cloud immunity
 w - a +0 helmet (worn)
 y - a +0 pair of boots (worn)
Wands
 l - a wand of digging (9/24)
Scrolls
 e - a scroll of fear
 j - 4 scrolls of enchant weapon
 m - 3 scrolls of teleportation
 n - 3 scrolls of remove curse
 u - a scroll of magic mapping
Potions
 d - a potion of might
 g - 4 potions of agility
 h - a potion of invisibility {unknown}
 p - 3 potions of flight {unknown}
 s - 2 potions of lignification {unknown}
 t - a potion of resistance {unknown}
 x - a potion of cancellation {unknown}
Comestibles
 a - 5 chunks of flesh
 f - 9 bread rations
 k - 12 royal jellies
 q - 5 meat rations
 r - 4 fruits


   Skills:
 * Level 9.7 Fighting
 * Level 8.7 Maces & Flails
 - Level 0.8 Throwing
 * Level 9.5 Armour
 + Level 4.6 Dodging
 * Level 9.9 Shields
 + Level 5.7 Invocations


You had 10 spell levels left.
You didn't know any spells.

Dungeon Overview and Level Annotations

Branches:
Dungeon (10/15)            Temple (1/1) D:4            Lair (1/6) D:10
    Orc (0/2) D:9

Altars:
Ashenzari
Elyvilon
Fedhas
Gozag
Makhleb
Nemelex Xobeh
Okawaru
Qazlal
Trog
Xom
The Shining One


Innate Abilities, Weirdness & Mutations

You are resistant to torment.
Your stone body is resilient. (AC +7)
You are immune to poison.
You resist negative energy. (rN+)
You are resistant to electric shocks. (rElec)
You can survive without breathing.
You are immune to petrification.
You are immune to rotting.


Message History

The hippogriff is lightly wounded.
You block the black mamba's attack. The spiny frog stings you!
* * * LOW HITPOINT WARNING * * *
You block the black mamba's attack. The hippogriff misses you.
The hippogriff pecks you but does no damage.
The hippogriff barely misses you.
Unknown command.
Unknown command.
You are feeling hungry.
You sock the hippogriff!
The hippogriff is moderately wounded.
You block the black mamba's attack. You block the spiny frog's attack.
The hippogriff bites you!
* * * LOW HITPOINT WARNING * * *
The hippogriff closely misses you. You block the hippogriff's attack.
The black mamba bites you but does no damage.
Unknown command.
You are confused.
You feel invigorated. The spiny frog stings you!
You die...

.##.... ....# 8.%.....#....#.
.......#...... ....#.#....#
####........# ....#...8...#
.#.......FHS.#
.......#.8..@8.# .....
#..#...#...†...# ....##
#..#...#...8...# #..#.##
#.... #........## ####......
#....##...###....###........#
#......†.## ......#........+
#..###...# ....8...........
#...#...## .#.#...........#
#.......## ##..#.###....#


You could see a hippogriff, a black mamba and a spiny frog.

Vanquished Creatures
  3 two-headed ogres
  A manticore (D:8)
  2 centaur zombies
  2 spiny frogs (Lair:1)
  A komodo dragon (Lair:1)
  The ghost of Maxmaps the Ruffian, an amateur DrMo (D:4)
  2 hippogriffs
  3 hogs (D:7)
  7 yaks
  A human (D:7)
  A hungry ghost (D:7)
  A vampire mosquito (D:9)
  2 porcupines
  A hornet zombie (D:8)
  3 orc warriors
  3 sky beasts (D:8)
  2 black bears (D:10)
  An eye of draining (D:10)
  3 ice beasts
  2 necrophages
  9 centaurs
  A phantom (D:8)
  An ogre (D:8)
  5 wolves (Lair:1)
  A crocodile (Lair:1)
  5 bullfrogs
  A wyvern zombie (D:8)
  5 scorpions
  3 wights (D:10)
  3 electric eels (D:3)
  4 crimson imps
  A bullfrog zombie (D:10)
  2 quasits
  5 orc priests
  A gnoll shaman (D:8)
  3 hounds
  3 jellies
  2 bullfrog skeletons (D:10)
  5 iguanas
  12 orc wizards
  16 worker ants
  A killer bee zombie (D:8)
  2 hound zombies
  Robin (D:4)
  8 adders
  10 gnolls
  5 shadow imps
  An ooze (D:1)
  An adder zombie (D:7)
  3 adder skeletons
  A worm (D:2)
  A dart slug (D:4)
  8 leopard geckos
  26 orcs
  7 bats
  2 giant cockroaches
  10 goblins
  7 hobgoblins
  12 jackals
  3 quokkas
  6 frilled lizards
  A jackal zombie (D:6)
  11 kobolds
  A leopard gecko skeleton (D:6)
  A leopard gecko zombie (D:6)
  A quokka zombie (D:8)
  2 rats (D:1)
262 creatures vanquished.

Notes
Turn   | Place    | Note
-------+----------+-------------------------------------------
     0 | D:1      | Nathanielran1005 the Gargoyle Fighter began the quest for the Orb.
     0 | D:1      | Reached XP level 1. HP: 14/14 MP: 1/1
   325 | D:1      | Reached XP level 2. HP: 19/19 MP: 2/2
   445 | D:1      | Reached XP level 3. HP: 23/23 MP: 3/3
   824 | D:2      | Reached XP level 4. HP: 29/29 MP: 4/4
   954 | D:2      | Found a stormy altar of Qazlal.
  1879 | D:3      | Reached XP level 5. HP: 24/33 MP: 5/5
  2557 | D:3      | Reached skill level 1 in Dodging
  2565 | D:3      | Reached XP level 6. HP: 22/39 MP: 6/6
  2700 | D:4      | Noticed Robin
  2711 | D:4      | Killed Robin
  2712 | D:4      | Noticed Maxmaps's ghost (amateur DrMo)
  2737 | D:4      | Killed Maxmaps's ghost
  2737 | D:4      | Reached skill level 5 in Shields
  2737 | D:4      | Reached XP level 7. HP: 23/44 MP: 7/7
  2936 | D:4      | Reached skill level 5 in Fighting
  2961 | D:4      | Found a blossoming altar of Fedhas.
  3019 | D:4      | Found a staircase to the Ecumenical Temple.
  3028 | Temple   | Entered the Ecumenical Temple
  3052 | Temple   | Became a worshipper of the Shining One
  3228 | D:4      | Found a sparkling altar of Nemelex Xobeh.
  3571 | D:5      | Entered Level 5 of the Dungeon
  3765 | D:5      | Reached skill level 5 in Armour
  4020 | D:5      | Reached skill level 1 in Invocations
  4020 | D:5      | Reached XP level 8. HP: 50/50 MP: 8/8
  4054 | D:5      | Found a white marble altar of Elyvilon.
  4287 | D:6      | Reached * piety under the Shining One
  4453 | D:6      | Found an iron altar of Okawaru.
  4551 | D:6      | Reached skill level 5 in Maces & Flails
  4816 | D:6      | Found a bloodstained altar of Trog.
  5138 | D:7      | Reached XP level 9. HP: 42/56 MP: 10/10
  5359 | D:7      | Reached ** piety under the Shining One
  5956 | D:8      | Reached XP level 10. HP: 63/64 MP: 12/12
  6444 | D:8      | Noticed a manticore
  6467 | D:8      | Killed a manticore
  6890 | D:8      | Noticed a two-headed ogre
  6893 | D:8      | Reached *** piety under the Shining One
  6903 | D:8      | Killed a two-headed ogre
  7497 | D:9      | Noticed a two-headed ogre
  7515 | D:9      | Killed a two-headed ogre
  7765 | D:9      | Reached XP level 11. HP: 64/69 MP: 14/14
  7993 | D:9      | Found a shimmering altar of Xom.
  7994 | D:9      | Found a shimmering altar of Xom.
  7994 | D:9      | Found a shimmering altar of Xom.
  7995 | D:9      | Noticed a two-headed ogre
  7996 | D:9      | Found a shimmering altar of Xom.
  8008 | D:9      | Killed a two-headed ogre
  8273 | D:9      | Found a shimmering altar of Xom.
  8273 | D:9      | Found a shimmering altar of Xom.
  8411 | D:9      | Found a staircase to the Orcish Mines.
  8618 | D:10     | Entered Level 10 of the Dungeon
  8652 | D:10     | Reached skill level 5 in Invocations
  9301 | D:10     | Reached **** piety under the Shining One
  9451 | D:10     | Found a staircase to the Lair.
  9491 | Lair:1   | Entered Level 1 of the Lair of Beasts
 10018 | Lair:1   | Slain by a spiny frog

Vault maps used:
D:1:      saegor_arrival_simple_f
D:2:      nicolae_qazlal_general_emergency, roderic_roman_lattice
D:3:      gammafunk_steamed_eel
D:4:      nicolae_overflow_crystal_walls, temple_green, first_bread,
          fedhas_altar_1, uniq_robin
D:5:      kennysheep_mini
D:6:      overflow_temple_1_default, basic_altar,
          hangedman_abyss_or_decor_stagger
D:7:      grunt_livestock
D:9:      kennysheep_spiral_hall, orc_0_dummy, xom_shifter_show
D:10:     grunt_lair_entry_orc_guard_hut
Temple:   hc_temple_tempest_star
Lair:1:   grunt_megastairs_4, lemuel_fruit_fields

Skill      XL: |  1  2  3  4  5  6  7  8  9 10 11 |
---------------+----------------------------------+-----
Shields        | 4 5 6 7 9 |  9.9
Fighting       | 4 5 6 7 8 9 |  9.7
Dodging        | 1 2 3 4 |  4.6
Maces & Flails | 3 4 5 6 7 8 |  8.7
Armour         | 4 5 7 8 9 |  9.5
Invocations    | 1 2 3 4 5 |  5.7
Throwing       | |  0.8

Action                   |  1- 3 |  4- 6 |  7- 9 | 10-12 || total
-------------------------+-------+-------+-------+-------++-------
Melee: Flail             |    96 |   108 |   388 |   550 ||  1142
Invok: Divine Shield     |       |       |       |     6 ||     6
Evoke: Wand              |       |     4 |       |       ||     4
  Use: Scroll            |       |    10 |     7 |     5 ||    22
       Potion            |       |     3 |       |     7 ||    10
  Eat: Chunk             |       |     3 |    12 |    13 ||    28
       Meat ration       |       |     1 |       |       ||     1
       Fruit             |       |       |       |     1 ||     1
Armor: Scale mail        |    67 |   154 |   221 |   269 ||   711
Dodge: Dodged            |    38 |    78 |   166 |   223 ||   505
Block: Shield            |    67 |    68 |   281 |   459 ||   875
